 Dungeon Crawl Stone Soup version 0.23-a0-701-gd76f34b (console) character file.

29 Duffy the Conjurer (level 3, 16/24 HPs)
             Began as a Demonspawn Fire Elementalist on Jan 12, 2019.
             Quit the game on level 2 of the Dungeon.
             The game lasted 00:01:01 (1452 turns).

Duffy the Conjurer (Demonspawn Fire Elementalist)   Turns: 1452, Time: 00:01:02

Health: 16/24      AC:  2    Str:  8    XL:     3   Next: 1%
Magic:  6/6        EV: 12    Int: 20    God:
Gold:   28         SH:  0    Dex: 13    Spells: 5/6 levels left

rFire    + . .     SeeInvis .   j - +0 dagger
rCold    . . .     Gourm    .   (no shield)
rNeg     . . .     Faith    .   a - +0 robe
rPois    .         Spirit   .   (no helmet)
rElec    .         Reflect  .   (no cloak)
rCorr    .         Harm     .   (no gloves)
MR       .....                  (no boots)
Stlth    ++........             (no amulet)
HPRegen  0.08/turn              d - +3 ring of intelligence
MPRegen  0.10/turn              g - ring of protection from fire

@: no status effects
A: powered by death 1, sturdy frame 1
a: no special abilities


You were on level 2 of the Dungeon.
You were not hungry.

You visited 1 branch of the dungeon, and saw 2 of its levels.

You collected 28 gold pieces.

Inventory:

Hand Weapons
 j - a +0 dagger (weapon)
Armour
 a - a +0 robe (worn)
Jewellery
 d - a +3 ring of intelligence (left hand)
 g - a ring of protection from fire (right hand)
Scrolls
 b - a scroll of blinking {unknown}
 f - a scroll of remove curse {unknown}
 h - a scroll of noise {unknown}
 l - a scroll of identify {unknown}
Potions
 e - a potion of lignification {unknown}
 i - a potion of brilliance {unknown}
Comestibles
 c - 3 rations
 k - a chunk of flesh


   Skills:
 - Level 1.7 Dodging
 - Level 1.7 Stealth
 + Level 2.0 Spellcasting
 + Level 2.9 Conjurations
 + Level 2.7 Fire Magic


You had 5 spell levels left.
You knew the following spells:

 Your Spells              Type           Power        Failure   Level  Hunger
h - Flame Tongue          Conj/Fire      ##...        4%          1    #......

Your spell library contained the following spells:

 Spells                   Type           Power        Failure   Level  Hunger
 Throw Flame              Conj/Fire      ##....       8%          2    ##.....
 Conjure Flame            Conj/Fire      ##......     14%         3    ###....
 Inner Flame              Hex/Fire       #.......     26%         3    ###....
 Sticky Flame             Conj/Fire      ##......     43%         4    #####..
 Fireball                 Conj/Fire      ##........   80%         5    ######.


Dungeon Overview and Level Annotations

Branches:
Dungeon (2/15)

Altars:


Innate Abilities, Weirdness & Mutations

You regenerate a little health from kills.
Your movements are slightly less encumbered by armour. (ER -2)


Message History

The bat skeleton hits you but does no damage.
The bat skeleton hits you.
You hit the bat skeleton.
The bat skeleton is severely damaged.
The bat skeleton misses you.
The bat skeleton hits you but does no damage.
The bat skeleton misses you.
You hit the bat skeleton but do no damage.
The bat skeleton is severely damaged.
The bat skeleton hits you but does no damage.
The bat skeleton misses you. The bat skeleton hits you.
You hit the bat skeleton.
You destroy the bat skeleton!
You have reached level 3!
Your experience leads to an increase in your attributes!
Your base attributes are Str 8, Int 16, Dex 13.
Increase (S)trength, (I)ntelligence, or (D)exterity?
You feel clever.
Your demonic ancestry asserts itself...
You feel less encumbered by your armour.
Are you sure you want to abandon this character and quit the game? (Confirm with "yes".)

#### ..# ##.## ######...
#.# ##.####...##
#>......P #.#
...........###.## #.#
...P..#....##.#.## #.#
.~~~~P.#.#.#.###.### #.#
.~~~~P..S...## ##..# #.#
~.~~~~.#.#.#.###@#....>..
#.#
P~~.~..#.#.#..#S#########
###<# ......##.#......#
#...# .....##.#......#
#.### ##K...........# #.#
####...8.P.# #.#
#######..###### #.#
.........# #.# ....###.##
#.#


You could see an adder.

Vanquished Creatures
  An ooze (D:1)
  A dart slug (D:1)
  4 bats
  A bat skeleton (D:2)
  4 goblins (D:1)
  2 hobgoblins (D:1)
  2 jackals (D:1)
  2 frilled lizards (D:2)
  A quokka skeleton (D:2)
  4 rats (D:1)
22 creatures vanquished.

Notes
Turn   | Place    | Note
-------+----------+-------------------------------------------
     0 | D:1      | Duffy the Demonspawn Fire Elementalist began the quest for
                  | the Orb.
     0 | D:1      | Reached XP level 1. HP: 13/13 MP: 3/3
   215 | D:1      | Gained mutation: You regenerate a little health from kills.
                  | [demonic ancestry]
   215 | D:1      | Reached XP level 2. HP: 19/19 MP: 1/5
  1451 | D:2      | Gained mutation: Your movements are slightly less
                  | encumbered by armour. (ER -2) [demonic ancestry]
  1451 | D:2      | Reached XP level 3. HP: 16/24 MP: 6/6
  1452 | D:2      | Quit the game

Vault maps used:
D:1:      psy_arrival_basics
D:2:      dancing_weapons_uskayaw, chequers_ecumenical_altar_simple,
          serial_undead, serial_undead_b, serial_undead_e, serial_undead_b,
          serial_undead_a, serial_undead_f, serial_undead_a, serial_undead_e,
          serial_undead_f

Skill      XL: |  1 |
---------------+----+-----
Conjurations   | 2 |  2.9
Dodging        | |  1.7
Stealth        | |  1.7
Spellcasting   | |  2.0
Fire Magic     | |  2.7

Action                   || total
-------------------------++-------
Melee: Dagger            ||     7
 Cast: Flame Tongue      ||    41
 Stab: Sleeping          ||     1
  Eat: Chunk             ||     2
Armor: Robe              ||    13
Dodge: Dodged            ||    20

Table legend:
 A = Non-vault XP
 B = Vault XP
 C = Vault XP percentage of total XP
 D = Non-vault monster count
 E = Vault monster count
 F = Vault count percentage of total count
                 A         B        C        D         E       F
            +---------+---------+-------+---------+---------+-------
      Total |      39 |       3 |   7.1 |      20 |       2 |   9.1
            +---------+---------+-------+---------+---------+-------
        D:1 |      36 |       0 |   0.0 |      17 |       0 |   0.0
        D:2 |       3 |       3 |  50.0 |       3 |       2 |  40.0
            +---------+---------+-------+---------+---------+-------
